 Dungeon Crawl Stone Soup version 0.29-a0-352-g0917bc69df (webtiles) character file.

Game seed: 17150658142262648095

84 tbh1313 the Cudgeller (level 4, -1/28 HPs)
             Began as a Gargoyle Fighter on Apr 25, 2022.
             Slain by a jackal (3 damage)
             ... on level 3 of the Dungeon.
             The game lasted 00:02:34 (1457 turns).

tbh1313 the Cudgeller (Gargoyle Fighter)            Turns: 1457, Time: 00:02:34

Health: -1/28      AC: 12    Str: 21    XL:     4   Next: 45%
Magic:  4/4        EV:  9    Int:  9    God:
Gold:   71         SH:  9    Dex:  9    Spells: 3/3 levels left

rFire   . . .      SeeInvis .   a - +1 flail
rCold   . . .      Faith    .   c - +0 buckler
rNeg    + . .      Spirit   .   b - +0 scale mail
rPois   ∞          Reflect  +   (no helmet)
rElec   +          Harm     .   d - +0 cloak
rCorr   .          Rampage  .   (no gloves)
Will    .....                   g - +0 pair of boots
Stlth   ..........              h - amulet of reflection
HPRegen 0.09/turn               (no ring)
MPRegen 0.09/turn               (no ring)

@: attractive
A: sickness immunity, AC +3, negative energy resistance 1, electricity
resistance, torment resistance 1, petrification resistance
a: no special abilities


You were on level 3 of the Dungeon.
You visited 1 branch of the dungeon, and saw 3 of its levels.

You collected 71 gold pieces.

Inventory:

Hand Weapons
 a - a +1 flail (weapon)
Armour
 b - a +0 scale mail (worn)
 c - a +0 buckler (worn)
 d - a +0 cloak (worn)
 g - a +0 pair of boots (worn)
Jewellery
 h - an amulet of reflection (around neck)
 l - a ring of willpower
Scrolls
 f - a scroll of enchant weapon
 i - a scroll of teleportation {unknown}
 k - a scroll of identify {unknown}


   Skills:
 - Level 3.2 Fighting
 + Level 4.1 Maces & Flails
 - Level 3.2 Armour
 - Level 4.0 Shields


You had 3 spell levels left.
You didn't know any spells.
Your spell library was empty.

Dungeon Overview and Level Annotations

Branches:
Dungeon (3/15)

Altars:

Shops:
D:2 =


Innate Abilities, Weirdness & Mutations

You are immune to sickness and miasma.
Your stone body is resilient. (AC +3)
You are immune to poison.
You resist negative energy. (rN+)
You are resistant to electric shocks. (rElec)
You are resistant to unholy torment.
You are immune to petrification.


Message History

* * * LOW HITPOINT WARNING * * *
It was a potion of attraction.
You feel attractive to monsters. You block the goblin's attack.
As you read the scroll labelled WAYNAOS OWNIPH, it crumbles to dust.
The scroll dissolves into smoke.
It was a scroll of fog.
You block the goblin's attack. The goblin attacks as you move away!
The goblin hits you but does no damage. The goblin attacks as you move away!
You block the goblin's attack. The jackal is attracted toward you.
You block the jackal's attack. The jackal attacks as you move away!
You block the jackal's attack.
Found 12 stones.
The goblin unwields a +0 club.
The goblin wields a +0 hunting sling.
The goblin shoots a sling bullet.
You reflect the sling bullet off an invisible shield around you!
The sling bullet hits the goblin.
The jackal bites you but does no damage.
The hobgoblin is attracted toward you. The goblin is attracted toward you.
The jackal attacks as you move away!
The jackal bites you but does no damage.
The goblin shoots a sling bullet.
You reflect the sling bullet off an invisible shield around you!
The sling bullet barely misses the goblin.
The goblin is attracted toward you.
The jackal bites you but does no damage.
The jackal is attracted toward you.
The goblin unwields a +0 hunting sling.
The goblin wields a +0 club.
You block the goblin's attack. The hobgoblin is attracted toward you.
The jackal bites you but does no damage.
There is a stone staircase leading down here.
The jackal bites you but does no damage.
You climb downwards.
You hear the sound of rushing water.
There is an entrance to a sewer on this level.
Hurry and find it before the portal rusts away!
There is a stone staircase leading up here.
You hit the jackal.
The jackal is severely wounded.
You block the jackal's attack. The jackal bites you.
You die... ############### ......h@....... ###############

You could see a jackal.

Levels and vault maps discovered:
D:1:      roderic_crossed_star, layout_basic
D:2:      layout_loops_cross, serial_shops, nicolae_shop_stone, uniq_jessica,
          uniq_robin
D:3:      layout_basic, shapermc_ecumenical_altar_mp_urbaneastern,
          portal_sewer_entry_b, chequers_serial_rivers_small_3,
          kennysheep_generic_room_8, uniq_ijyb, uniq_grinder

Notes
Turn   | Place    | Note
-------+----------+-------------------------------------------
     0 | D:1      | tbh1313 the Gargoyle Fighter began the quest for the Orb.
     0 | D:1      | Reached XP level 1. HP: 14/14 MP: 1/1
   349 | D:1      | Reached XP level 2. HP: 16/19 MP: 2/2
   914 | D:1      | Reached XP level 3. HP: 23/23 MP: 3/3
  1040 | D:2      | Found Plog's Jewellery Emporium.
  1127 | D:2      | Noticed Jessica
  1139 | D:2      | Killed Jessica
  1141 | D:2      | Reached XP level 4. HP: 18/28 MP: 4/4
  1392 | D:2      | Noticed Robin
  1410 | D:2      | Killed Robin
  1437 | D:2      | HP: 1/28 [goblin/+2 dagger of protection[Robin] (4)]
  1457 | D:3      | Slain by a jackal

Table legend: (Time is in decaauts)
 A = Elapsed time spent in this place.
 B = Non-inter-level travel time spent in this place.
 C = Inter-level travel time spent in this place.
 D = Time resting spent in this place.
 E = Time spent auto-exploring this place.
 F = Levels seen in this place.
 G = Mean time per level.
                   A        B        C        D        E       F      G
               +--------+--------+--------+--------+--------+-----+--------+
         Total |   1497 |   1480 |     17 |    363 |    779 |   3 |  499.0 |
       Dungeon |   1497 |   1480 |     17 |    363 |    779 |   3 |  499.0 |
               +--------+--------+--------+--------+--------+-----+--------+

Top non-repeatable levels by time:
     D:1: 1061 daAuts
     D:2: 435 daAuts
     D:3: 0 daAuts

Table legend:
 A = Kills in this place as a percentage of kills in entire the game.
 B = Kills by you in this place as a percentage of kills by you in the entire game.
 C = Kills by friends in this place as a percentage of kills by friends in the entire game.
 D = Other kills in this place as a percentage of other kills in the entire game.
 E = Experience gained in this place as a percentage of experience gained in the entire game.
 F = Experience gained in this place divided by the number of levels of this place that you have seen.
                   A       B       C       D       E      F
               +-------+-------+-------+-------+-------+----------------------
         Total | 100.0 | 100.0 |   N/A |   N/A | 100.0 |  40.0
       Dungeon | 100.0 | 100.0 |   N/A |   N/A | 100.0 |  40.0
               +-------+-------+-------+-------+-------+----------------------

Action                   |  1- 3 |  4- 6 || total
-------------------------+-------+-------++-------
Melee: Flail             |    98 |    49 ||   147
  Use: Scroll            |     1 |     2 ||     3
       Potion            |     1 |     1 ||     2
Armor: Scale mail        |    57 |    70 ||   127
Dodge: Dodged            |    42 |    51 ||    93
Block: Buckler           |    47 |    52 ||    99
       Reflection        |       |     2 ||     2

Vanquished Creatures
  Jessica (D:2)
  Robin (D:2)
  An endoplasm (D:2)
  3 giant cockroaches (D:1)
  10 goblins
  6 hobgoblins
  2 jackals (D:2)
  A quokka (D:1)
  6 ball pythons
  2 bats (D:1)
  5 frilled lizards (D:1)
  3 kobolds (D:1)
  4 rats
45 creatures vanquished.
